 Dungeon Crawl Stone Soup version 0.24.1 (webtiles) character file.

Game seed: 907568029721087969, levelgen mode: deterministic

56 Stormleaks the Sneak (level 3, 0/25 HPs)
             Began as an Octopode Assassin on Apr 4, 2020.
             Slain by an adder (3 damage)
             ... on level 1 of the Dungeon.
             The game lasted 00:06:12 (1787 turns).

Stormleaks the Sneak (Octopode Assassin)            Turns: 1787, Time: 00:06:12

Health: 0/25       AC:  1    Str: 10    XL:     3   Next: 97%
Magic:  3/3        EV: 13    Int: 13    God:
Gold:   79         SH:  0    Dex: 14    Spells: 2/2 levels left

rFire    . . .     SeeInvis .   h - +1 dagger (venom)
rCold    . . .     Gourm    .   (no shield)
rNeg     . . .     Faith    .   (helmet restricted)
rPois    .         Spirit   .   (no amulet)
rElec    .         Reflect  .   (no ring)
rCorr    .         Harm     .   (no ring)
MR       .....                  (no ring)
Stlth    ++++......             (no ring)
HPRegen  0.08/turn              (no ring)
MPRegen  0.08/turn              (no ring)
                                (no ring)
                                (no ring)

@: lethally poisoned (0 -> -2)
A: almost no armour, stealthy swim, amphibious, 8 rings, constrict 8, camouflage
1, gelatinous body 1
a: no special abilities


You were on level 1 of the Dungeon.
You were near starving.

You visited 1 branch of the dungeon, and saw 2 of its levels.

You collected 79 gold pieces.

Inventory:

Hand Weapons
 a - a +2 dagger
 g - a +0 dagger
 h - a +1 dagger of venom (weapon)
Missiles
 b - 8 poisoned darts (quivered)
 c - 2 curare-tipped darts
Scrolls
 e - a scroll of fog {unknown}
 f - a scroll of fear {unknown}
 i - a scroll of teleportation {unknown}
 k - a scroll of remove curse {unknown}
Potions
 j - a potion of berserk rage {unknown}
Comestibles
 d - 2 rations


   Skills:
 + Level 2.5 Fighting
 + Level 2.2 Short Blades
 + Level 2.1 Throwing
 + Level 1.1 Dodging
 + Level 6.7 Stealth


You had 2 spell levels left.
You didn't know any spells.
Your spell library was empty.

Dungeon Overview and Level Annotations

Branches:
Dungeon (2/15)

Altars:


Innate Abilities, Weirdness & Mutations

You cannot wear most types of armour.
You are very stealthy in the water. (Stealth+)
You are amphibious.
You can wear up to eight rings at the same time.
You can use your tentacles to constrict eight enemies at once.
Your skin changes colour to match your surroundings (Stealth+).
Your rubbery body absorbs attacks. (AC +1, EV +1)


Message History

You hit the jackal but do no damage.
The jackal is poisoned.
Your grab misses the jackal. Your squeeze misses the jackal.
The jackal bites you but does no damage.
The adder closely misses you. The jackal bites you.
The adder completely misses you.
You hit the jackal.
You kill the jackal!
The adder bites you.
* * * LOW HITPOINT WARNING * * *
You are poisoned.
The adder poisons you!
You feel sick.
There is a stone staircase leading up here.
The adder bites you.
* * * LOW HITPOINT WARNING * * *
You climb upwards.
There is a stone staircase leading down here.
* * * LOW HITPOINT WARNING * * *
You feel sick. The adder bites you.
You die...

#........## ♣. #.........# #.
#.........# ♣. #.........###.
############...........♣.
#...........#............
#........................
##♣#♣#♣.♣....S>.......≈≈≈≈≈≈≈.
#............@...####.≈.....≈.
#.♣#♣#♣.♣........##.........≈.
#.#..............##.≈≈≈≈≈...≈.
#..)♣.♣.♣........##.≈..>≈...≈.
#####...............≈.≈.....≈.
♣...♣#....####..≈.≈≈≈≈≈.≈.
###...##....# #..≈.....≈.≈.
#.♣.♣.♣.....# #..≈...≈<..≈.
#.........(.# ##.≈...≈≈≈≈≈.


You could see an adder.

Vanquished Creatures
  2 adders (D:2)
  A leopard gecko (D:1)
  10 giant cockroaches
  4 goblins
  A hobgoblin (D:1)
  A jackal (D:2)
  4 kobolds (D:1)
  A quokka (D:2)
  3 bats
  4 frilled lizards
  3 rats (D:1)
34 creatures vanquished.

Notes
Turn   | Place    | Note
-------+----------+-------------------------------------------
     0 | D:1      | Stormleaks the Octopode Assassin began the quest for the
                  | Orb.
     0 | D:1      | Reached XP level 1. HP: 14/14 MP: 1/1
   713 | D:1      | Reached XP level 2. HP: 19/19 MP: 2/2
  1364 | D:1      | Reached skill level 6 in Stealth
  1442 | D:2      | Reached XP level 3. HP: 25/25 MP: 3/3
  1787 | D:1      | Slain by an adder

Levels and vault maps discovered:
D:1:      ebering_trefoil_twist, layout_basic, serial_forest,
          infiniplex_forest_clump_small, infiniplex_forest_lined_room_,
          infiniplex_forest_lined_3, infiniplex_forest_lined_2,
          infiniplex_forest_lined_2, infiniplex_forest_lined_room_2,
          infiniplex_forest_lined_corner
D:2:      minmay_roachtagon, layout_loops_ring, doesnt_xom_only_xom,
          first_ration, minmay_quantized

Skill      XL: |  1  2 |
---------------+-------+-----
Stealth        | 6 |  6.7
Fighting       | |  2.5
Short Blades   | |  2.2
Throwing       | |  2.1
Dodging        | |  1.1

Action                   || total
-------------------------++-------
Melee: Dagger            ||    77
       Constrict         ||    21
       Tentacles         ||    10
 Stab: Sleeping          ||     6
  Eat: Chunk             ||     1
Armor: Skin              ||     8
Dodge: Dodged            ||    68
